 Dungeon Sprint DCSS version 0.30-a0-534-gdc55766716 (webtiles) character file.

Game seed: 11049576869082728883

4190 rocky1 the Fencer (level 10, -2/133 HPs)
             Began as a Merfolk Gladiator on Dec 25, 2022.
             Was an Initiate of Gozag.
             Slain by Donald
             ... wielding a +2 war axe of holy wrath
              (31 damage)
             ... in the Dungeon (Sprint III: "The Ten Rune Challenge").
             The game lasted 00:08:52 (2296 turns).

rocky1 the Fencer (Merfolk Gladiator)               Turns: 2296, Time: 00:08:53

Health: -2/133     AC: 25    Str: 15    XL:     10   Next: 29%
Magic:  10/10      EV:  2    Int:  8    God:    Gozag
Gold:   2193       SH:  0    Dex: 19    Spells: 9/9 levels left

rFire   + . .      SeeInvis .    v - +0 long sword (holy)
rCold   + . .      Faith    .    (no shield)
rNeg    . . .      Spirit   .    (body armour currently unavailable)
rPois   +          Reflect  .    (helmet currently unavailable)
rElec   +          Harm     .    (cloak currently unavailable)
rCorr   +          Rampage  .    (gloves currently unavailable)
Will    .....      NoTele   +    (boots currently unavailable)
Stlth   ++                       (no amulet)
HPRegen 0.42/turn                (no ring)
MPRegen 0.12/turn                (no ring)

@: mighty, brilliant, tree-form, resistant, hasted, very quick
A: stationary, stasis, torment immunity, boosted hp, (nimble swimmer 2),
(mertail), (cold resistance 1)
a: End Transformation, Renounce Religion, Potion Petition, Call Merchant, Bribe
Branch


You were in the Dungeon.
You worshipped Gozag.
Gozag was most pleased with you.
You were a tree.
You visited 1 branch You collected 4480 gold pieces.
You spent 237 gold pieces at shops.
You paid 2050 gold pieces to Gozag.

Inventory:

Hand Weapons
 a - a +0 long sword
 v - a +0 long sword of holy wrath (weapon)
Armour
 b - a +0 leather armour
 c - a +0 helmet (melded)
 d - the +1 pair of boots of the Solstice (melded) {rC+}
   (You bought it in a shop in the Dungeon)

   rC:        It protects you from cold.
 e - a +0 plate armour (melded)
 m - a +0 pair of gloves (melded)
 o - a +0 cloak (melded)
Wands
 f - a wand of digging (2)
 l - a wand of polymorph (6)
Scrolls
 p - 3 scrolls of torment {unknown}
 q - 2 scrolls of identify
 s - a scroll of immolation {unknown}
 t - a scroll of brand weapon {unknown}
Potions
 i - 2 potions of magic
 r - 3 potions of flight
 u - 4 potions of mutation
Miscellaneous
 j - a condenser vane (inert)


   Skills:
 + Level 11.8 Fighting
 * Level 17.8 Long Blades
 - Level 2.0 Throwing
 + Level 3.0 Armour
 + Level 14.2 Dodging
 + Level 10.2 Evocations


You had 9 spell levels left.
You didn't know any spells.
Your spell library contained the following spells:

 Spells                   Type           Power      Damage    Failure   Level
 Apportation              Tloc           0%         N/A       41%         1
 Necrotise                Necr           0%         1d4       41%         1
 Summon Small Mammal      Summ           0%         N/A       41%         1
 Ensorcelled Hibernation  Hex/Ice        0%         N/A       54%         2
 Passwall                 Tmut/Erth      0%         N/A       54%         2
 Swiftness                Air            0%         N/A       78%         3


Dungeon Overview and Level Annotations

Branches:
Dungeon (1/1)

Altars:
Cheibriados
Dithmenos
Elyvilon
Fedhas
Gozag
Hepliaklqana
Kikubaaqudgha
Makhleb
Nemelex Xobeh
Okawaru
Qazlal
Ru
Sif Muna
Trog
Uskayaw
Vehumet
Wu Jian
Xom
Yredelemnul
Zin
The Shining One
Jiyva
Lugonu

Shops:
D [

Annotations:
D Donald, Frances


Innate Abilities, Weirdness & Mutations

You are a tree.
Your roots penetrate the ground, keeping you stationary.
You cannot be teleported.
You are immune to unholy pain and torment.
Your maximum health is greatly increased.
Your equipment is partially melded.
((You are very nimble when in or above water. (Stealth+, EV+, Speed+++)))
((Your lower body shifts to a powerful aquatic tail in water.))
((Your flesh is cold resistant. (rC+)))


Message History

Donald is severely wounded.
Donald hits you with a +2 war axe of holy wrath!!
Frances looks as sick as possible!
Unknown command. [a] - 240 gold - haste [b] - 784 gold - curing, magic, lignification, might and resistance [c] - 567 gold - haste, resistance, lignification and might Purchase which effect?
You no longer have enough gold to bribe branches to halt enemies' attacks and recruit allies.
You feel yourself speed up.
You feel protected.
You turn into a tree.
Your +0 cloak melds into your body.
Your +0 helmet melds into your body.
Your +0 pair of gloves melds into your body.
The +1 pair of boots of the Solstice {rC+} melds into your body.
Your +0 plate armour melds into your body.
Your roots penetrate the ground.
You feel very mighty all of a sudden.
Donald hits you with a +2 war axe of holy wrath! x2
Unknown command.
You slash Donald!
Donald is almost dead.
Donald hits you with a +2 war axe of holy wrath!!
* * * LOW HITPOINT WARNING * * *
Frances is engulfed in poison gas.
Frances looks as sick as possible!
Frances screams a word of power!
The iron shot hits you.
* * * LOW HITPOINT WARNING * * *
Unknown command.
Okay, then. [a] - 350 gold - resistance and might [b] - 336 gold - heal wounds, magic and curing [c] - 418 gold - heal wounds, haste and brilliance Purchase which effect?
You feel much better.
You feel as though your hastened speed will last longer.
You feel clever all of a sudden.
Donald hits you with a +2 war axe of holy wrath!!
You die...
Your body crumbles into a pile of gold.

#)######.########.#####
#....#.#.#.....#..^^..+
##.#..#...............#
'##)#.#))#.....#..^..^#
#.).#..#.).#..'.......#
▓▓▓▓▓▓▓▓▓▓▓▓▓▓#...^..^#
........~~~...#.^.....#
≈≈≈≈≈≈≈≈≈≈♣♣P.'..^....#
♣♣♣♣♣♣♣♣♣♣♣♣PP#^♣@.^..#
♣♣♣##@###### §4§ $#§§§#
$ #§§§# #####


You could see Frances (extremely poisoned), Donald (fast, strong, extremely
poisoned, reflecting) and an ice devil (summoned).

Vanquished Creatures
  Erolcha (D)
  An orc high priest (D)
  A deep elf pyromancer (D)
  An orc sorcerer (D)
  A shadow (D)
  2 redbacks (D)
  3 wandering mushrooms (D)
  2 orc warriors (D)
  5 two-headed ogres (D)
  A necrophage (D)
  A water elemental (D)
  3 orc priests (D)
  A jelly (D)
  Crazy Yiuf (D)
  Jessica (D)
  A wizard (D)
  A necromancer (D)
  2 orc wizards (D)
  A kobold demonologist (D)
  3 humans (D)
  9 orcs (D)
  2 endoplasms (D)
  A rat (D)
45 creatures vanquished.

Notes
Turn   | Place    | Note
-------+----------+-------------------------------------------
     0 | D        | rocky1 the Merfolk Gladiator began the quest for the Orb.
     0 | D        | Reached XP level 1. HP: 16/16 MP: 1/1
     6 | D        | Reached skill level 4 in Long Blades
    22 | D        | Noticed Jessica
    28 | D        | Killed Jessica
    29 | D        | Reached skill level 6 in Long Blades
    29 | D        | Reached skill level 5 in Dodging
    29 | D        | Reached XP level 2. HP: 25/25 MP: 2/2
    29 | D        | Reached XP level 3. HP: 30/30 MP: 3/3
    81 | D        | Reached skill level 1 in Evocations
    81 | D        | Noticed Crazy Yiuf
    97 | D        | Killed Crazy Yiuf
    98 | D        | Reached skill level 7 in Long Blades
    98 | D        | Reached XP level 4. HP: 31/38 MP: 4/4
   132 | D        | Gained mutation: Your flesh is cold resistant. (rC+)
                  | [potion of mutation]
   149 | D        | Noticed a water elemental
   162 | D        | Killed a water elemental
   163 | D        | Reached skill level 5 in Fighting
   163 | D        | Reached skill level 8 in Long Blades
   163 | D        | Reached XP level 5. HP: 14/44 MP: 5/5
   300 | D        | Reached skill level 9 in Long Blades
   388 | D        | Noticed a shadow
   397 | D        | Killed a shadow
   398 | D        | Reached skill level 10 in Long Blades
   398 | D        | Reached skill level 5 in Evocations
   398 | D        | Reached XP level 6. HP: 40/53 MP: 6/6
   449 | D        | Found a blossoming altar of Fedhas.
   449 | D        | Found a stormy altar of Qazlal.
   449 | D        | Found a snail-covered altar of Cheibriados.
   449 | D        | Found a burning altar of Makhleb.
   449 | D        | Found a shimmering altar of Xom.
   450 | D        | Found a hazy altar of Hepliaklqana.
   450 | D        | Found an opulent altar of Gozag.
   450 | D        | Found a sparkling altar of Nemelex Xobeh.
   450 | D        | Found a corrupted altar of Lugonu.
   450 | D        | Found a viscous altar of Jiyva.
   450 | D        | Noticed a spatial vortex
   594 | D        | Became a worshipper of Gozag Ym Sagoz the Greedy
   596 | D        | HP: 2/53 [spatial vortex (11)]
   786 | D        | Found a basalt altar of Yredelemnul.
   786 | D        | Found a shadowy altar of Dithmenos.
   786 | D        | Found a sacrificial altar of Ru.
   797 | D        | Reached skill level 11 in Long Blades
   832 | D        | Found a radiant altar of Vehumet.
   832 | D        | Found a shimmering blue altar of Sif Muna.
   832 | D        | Found an ancient bone altar of Kikubaaqudgha.
   844 | D        | Reached XP level 7. HP: 60/60 MP: 7/7
   961 | D        | Found a glowing silver altar of Zin.
   961 | D        | Found a glowing golden altar of the Shining One.
   961 | D        | Found a white marble altar of Elyvilon.
   962 | D        | Noticed a deep elf pyromancer
   967 | D        | Killed a deep elf pyromancer
   968 | D        | Reached skill level 13 in Long Blades
   968 | D        | Reached skill level 10 in Dodging
  1086 | D        | Found a hide-covered altar of Uskayaw.
  1086 | D        | Found an iron altar of Okawaru.
  1086 | D        | Found a bloodstained altar of Trog.
  1086 | D        | Found an ornate altar of the Wu Jian Council.
  1086 | D        | Noticed a human
  1087 | D        | Noticed a human
  1106 | D        | Killed a human
  1107 | D        | Reached XP level 8. HP: 36/71 MP: 8/8
  1114 | D        | Reached skill level 14 in Long Blades
  1477 | D        | Noticed an orc high priest
  1481 | D        | Noticed a sixfirhy
  1484 | D        | Killed an orc high priest
  1485 | D        | Reached skill level 10 in Fighting
  1485 | D        | Reached skill level 15 in Long Blades
  1485 | D        | Reached XP level 9. HP: 33/79 MP: 9/9
  1492 | D        | Noticed an orc sorcerer
  1494 | D        | Killed an orc sorcerer
  1495 | D        | Reached skill level 16 in Long Blades
  1562 | D        | Found Oqegiwiath's Antique Armour Shoppe.
  1619 | D        | Bought a pair of ichor-stained boots for 237 gold pieces
  1619 | D        | Identified the +1 pair of boots of the Solstice {rC+} (You
                  | bought it in a shop in the Dungeon)
  1667 | D        | Noticed a two-headed ogre
  1679 | D        | Killed a two-headed ogre
  1680 | D        | Reached skill level 1 in Armour
  1782 | D        | Noticed Erolcha
  1782 | D        | Noticed a two-headed ogre
  1808 | D        | Reached skill level 17 in Long Blades
  1810 | D        | Killed a two-headed ogre
  1811 | D        | Reached XP level 10. HP: 65/88 MP: 10/10
  1816 | D        | Killed Erolcha
  1817 | D        | Reached skill level 10 in Evocations
  2282 | D        | Noticed Donald
  2282 | D        | Noticed Frances
  2295 | D        | HP: 6/133 [Frances/iron shot (5)]
  2296 | D        | Slain by Donald

Illustrated notes

Levels and vault maps discovered:
D:        dungeon_sprint_mu [sprint_mu_entry_forest, sprint_mu_temple_rooms,
          sprint_mu_d1_spiders, sprint_mu_d2_genie, sprint_mu_d3_branching,
          sprint_mu_orc_legion, sprint_mu_elf_gauntlet, sprint_mu_hive_nellie,
          sprint_mu_lair_fedhas, sprint_mu_vaults_butterflies,
          sprint_mu_slime_circle, sprint_mu_swamp_cave, sprint_mu_snake_twists,
          sprint_mu_blade_basic, sprint_mu_crypt_lich, sprint_mu_tomb_spiral,
          sprint_mu_vestibule_basic, sprint_mu_gehenna_hellfire,
          sprint_mu_dis_giant, sprint_mu_tartarus_statrot,
          sprint_mu_cocytus_islands, sprint_mu_zot1]

Skill      XL: |  1  2  3  4  5  6  7  8  9 10 |
---------------+-------------------------------+-----
Long Blades    | 6 7 8 10 11 13 15 17 | 17.8
Fighting       | 3 4 5 6 7 9 10 11 | 11.8
Dodging        | 5 6 7 8 9 11 12 13 14 | 14.2
Evocations     | 2 3 5 7 8 9 10 | 10.2
Armour         | 1 3 |  3.0
Throwing       | |  2.0

Action                   |  1- 3 |  4- 6 |  7- 9 | 10-12 || total
-------------------------+-------+-------+-------+-------++-------
Melee: Long sword        |    21 |    43 |   103 |    35 ||   202
       Tailslap          |     1 |       |       |     4 ||     5
       Punch             |       |       |     2 |       ||     2
Throw: Throwing net      |     2 |       |     4 |       ||     6
       Javelin           |       |       |     1 |       ||     1
Invok: Potion Petition   |       |       |     2 |     2 ||     4
Evoke: Wand              |       |       |     3 |       ||     3
       Condenser vane    |       |       |     3 |     1 ||     4
  Use: Potion            |       |     2 |     4 |       ||     6
       Scroll            |       |       |     1 |       ||     1
 Stab: Held in net/web   |     1 |       |     2 |       ||     3
       Sleeping          |       |     1 |       |       ||     1
Armor: Skin              |     4 |       |       |       ||     4
       Leather armour    |     3 |     6 |     5 |       ||    14
       Plate armour      |       |       |     5 |     7 ||    12
Dodge: Dodged            |     6 |    16 |    52 |    10 ||    84

Table legend: (Time is in decaauts)
 A = Elapsed time spent in this place.
 B = Non-inter-level travel time spent in this place.
 C = Inter-level travel time spent in this place.
 D = Time resting spent in this place.
 E = Time spent auto-exploring this place.
 F = Levels seen in this place.
 G = Mean time per level.
                   A        B        C        D        E       F      G
               +--------+--------+--------+--------+--------+-----+--------+
         Total |   2233 |   2233 |      0 |   1518 |      9 |   1 | 2233.0 |
       Dungeon |   2233 |   2233 |      0 |   1518 |      9 |   1 | 2233.0 |
               +--------+--------+--------+--------+--------+-----+--------+

Top non-repeatable levels by time:
       D: 2233 daAuts
